 Dungeon Crawl Stone Soup version 0.24.0-123-gd5b16e6ec5 (webtiles) character file.

Game seed: 338354889436497985, levelgen mode: deterministic

94 Descartes the Ducker (level 4, 0/22 HPs)
             Began as a Felid Monk on Jan 8, 2020.
             Slain by a gnoll
             ... wielding a +0 spear
              (4 damage)
             ... on level 3 of the Dungeon.
             The game lasted 00:04:28 (2577 turns).

Descartes the Ducker (Felid Monk)                   Turns: 2577, Time: 00:04:28

Health: 0/22       AC:  1    Str:  8    XL:     4   Next: 38%
Magic:  5/5        EV: 21    Int: 11    God:
Gold:   134        SH:  0    Dex: 19    Spells: 3/3 levels left
                                        Lives:  0   Deaths: 1

rFire    . . .     SeeInvis +     - Unarmed
rCold    . . .     Gourm    .   (shield unavailable)
rNeg     . . .     Faith    .   (armour unavailable)
rPois    .         Spirit   .   (helmet unavailable)
rElec    .         Reflect  .   (cloak unavailable)
rCorr    .         Harm     .   (gloves unavailable)
MR       .....                  (boots unavailable)
Stlth    +++.......             (no amulet)
HPRegen  0.07/turn              m - ring of see invisible (curse)
MPRegen  0.09/turn              (no ring)

@: quick
A: very small, no armour, no weapons or thrown items, stealth, claws 1, fangs 3,
see invisible, carnivore, speed 1, shaggy fur 1, slow metabolism 1, sharp paws
a: no special abilities


You were on level 3 of the Dungeon.
You were very full.

You visited 1 branch of the dungeon, and saw 3 of its levels.

You collected 134 gold pieces.

Inventory:

Missiles
 e - 114 stones
 p - 5 arrows
Jewellery
 m - a cursed ring of see invisible (left paw)
Wands
 i - a wand of flame (19)
Scrolls
 b - a scroll of remove curse {unknown}
 c - 2 scrolls of enchant armour {unknown}
 d - 8 scrolls of identify {unknown}
 j - a scroll of fear {unknown}
 k - a scroll of enchant weapon {unknown}
 n - a scroll of amnesia {unknown}
 o - a scroll of noise {unknown}
Potions
 f - a potion of ambrosia {unknown}
 g - 2 potions of might {unknown}
 h - a potion of heal wounds {unknown}
 l - a potion of brilliance {unknown}
 q - a potion of flight {unknown}
Comestibles
 a - 5 rations


   Skills:
 + Level 3.7 Fighting
 + Level 5.0 Dodging
 + Level 4.2 Stealth
 * Level 4.5 Unarmed Combat


You had 3 spell levels left.
You didn't know any spells.
Your spell library was empty.

Dungeon Overview and Level Annotations

Branches:
Dungeon (3/15)

Altars:
Vehumet


Innate Abilities, Weirdness & Mutations

You cannot wear armour.
You are incapable of wielding weapons or throwing items.
Your paws allow you to move quietly. (Stealth)
You have sharp claws.
You have razor-sharp teeth.
You have supernaturally acute eyesight. (SInv)
You are carnivorous and can eat meat at any time.
You cover ground quickly.
You are covered in fur. (AC +1)
You have a slow metabolism.
Your sharp claws are effective at attacking unaware monsters.


Message History

The gnoll misses you.
The kobold throws a stone.
The stone completely misses you.
You see here a stone.
You barely miss the gnoll.
The gnoll is severely wounded.
The gnoll barely misses you.
The kobold throws a stone.
The stone barely misses you.
You scratch the gnoll but do no damage.
The gnoll is severely wounded.
The gnoll hits you with a +0 spear!
* * * LOW HITPOINT WARNING * * *
You closely miss the gnoll.
The gnoll is severely wounded.
The gnoll misses you.
You barely miss the gnoll. Your bite misses the gnoll.
The gnoll is severely wounded.
The kobold hits you with a +0 short sword.
* * * LOW HITPOINT WARNING * * *
The gnoll hits you with a +0 spear.
You die...

.#.# .#.# ... .
#########.#.#...
##..K...g.g......
#..%....gK.#g....
#.#.########.....
#.#K#...#.(..# .
#.#gg..##@#...>+
#.#...#.Kg# ..##
#.......### ...
######### .## ..
. .#


You could see a gnoll and a kobold.

Vanquished Creatures
  A hound (D:2)
  A jelly (D:2)
  A gnoll (D:3)
  2 adders
  An ooze (D:2)
  3 worms (D:2)
  3 dart slugs (D:1)
  A leopard gecko (D:3)
  An orc (D:3)
  7 giant cockroaches
  7 goblins
  12 hobgoblins
  7 kobolds
  2 quokkas (D:2)
  6 bats
  2 frilled lizards (D:2)
  7 rats
64 creatures vanquished.

Notes
Turn   | Place    | Note
-------+----------+-------------------------------------------
     0 | D:1      | Descartes the Felid Monk began the quest for the Orb.
     0 | D:1      | Reached XP level 1. HP: 10/10 MP: 2/2
   220 | D:1      | Reached XP level 2. HP: 10/14 MP: 3/3
  1075 | D:2      | Reached XP level 3. HP: 17/17 MP: 4/4
  1235 | D:2      | Reached XP level 4. HP: 21/21 MP: 5/5
  1774 | D:2      | Found a radiant altar of Vehumet.
  2113 | D:3      | Reached XP level 5. HP: 24/24 MP: 6/6
  2206 | D:3      | Reached skill level 5 in Dodging
  2524 | D:3      | Slain by a gnoll
  2525 | D:3      | Reached XP level 4. HP: -4/22 MP: 5/5
  2577 | D:3      | Slain by a gnoll

Levels and vault maps discovered:
D:1:      lemuel_arrival_tunnels, layout_loops_ring, serial_bayou_ford_a
D:2:      minmay_wonky_spiral, layout_loops_ring, overflow_temple_1_default
D:3:      minmay_recursive_quarters, layout_basic, minmay_misc_feat_tiny,
          kennysheep_cluttered_room

Skill      XL: |  1  2  3  4  5 |
---------------+----------------+-----
Stealth        | 3 4 |  4.2
Unarmed Combat | 4 |  4.5
Dodging        | 5 |  5.0
Fighting       | |  3.7

Action                   |  1- 3 |  4- 6 || total
-------------------------+-------+-------++-------
Melee: Unarmed           |    72 |   113 ||   185
       Bite              |     8 |     9 ||    17
       Punch             |       |     3 ||     3
 Stab: Sleeping          |     7 |    10 ||    17
       Distracted        |     1 |       ||     1
  Eat: Chunk             |     8 |     6 ||    14
Armor: Skin              |     1 |     1 ||     2
Dodge: Dodged            |    56 |    71 ||   127
